Unix NetHack Version 5.0.0-0 post-release - last build May 10 2026 23:12:36 (d1fa5d53e341ca933230fdaa984d921c805b60aa,branch:main).

Game began 2026-05-13 03:25:12, ended 2026-05-13 03:37:39.

Ackbladder, lawful female dwarven Valkyrie

                                    -----
               --------------      #-...|
               |............|      #|...|
               |............|   ####|...|
               |............|   #   |(..|
               |............|   #   |...|
              #-............|   #   |...|
              #-.------------  ##   --.--
             ## ###         ####      ##
            ##    ##   ########        #
         ####    #############         #
         #       # #                   #
  ------ #     ### #                   ##f@
  |....-##     #   #                     -a-
  |....|       #---.--                  ....|
  |.....########|<...|                ...a..|
  ------        |....+               |.......
                |....|               |...?..|
                ------               --------

Ackbladder the Fighter      St:18 Dx:12 Co:20 In:9 Wi:8 Ch:9  Lawful
Dlvl:6  $:793 HP:0(65) Pw:7(7) AC:6  Xp:6 T:2438 

Latest messages:
 The killer bee stings!
 The killer bee's sting was poisoned!
 Valkyrie, your life force is running out.
 Are you sure you want to pray? [yn] (n) y
 You begin praying to Tyr.
 You are surrounded by a shimmering light.
 The killer bee starts to attack you, but pulls back.
 The killer bee starts to attack you, but pulls back.
 The killer bee starts to attack you, but pulls back.
 The killer bee starts to attack you, but pulls back.
 You finish your prayer.
 You feel that Tyr is well-pleased.
 You feel much better.
 You kill the killer bee!
 The killer bee stings!
 You kill the killer bee!
 You miss the killer bee.
 The killer bee stings!
 The killer bee stings!
 You miss the killer bee.
 The killer bee stings!
 The killer bee stings!
 You kill the killer bee!
 You miss the killer bee.
 The killer bee stings!
 The killer bee stings!
 You miss the killer bee.
 The killer bee stings!
 You miss the killer bee.
 The killer bee stings!
 The killer bee stings!
 The killer bee's sting was poisoned!
 You miss the killer bee.
 The killer bee stings!
 The killer bee just misses!
 You kill the killer bee!
 The killer bee stings!
 The killer bee stings!
 The killer bee's sting was poisoned!
 The killer bee stings!
 The killer bee stings!
 You miss the killer bee.
 The killer bee stings!
 The killer bee's sting was poisoned!
 You miss the killer bee.
 The killer bee stings!
 The killer bee's sting was poisoned!
 You die...
 Do you want your possessions identified? [ynq] (y) y
 Do you want to see your attributes? [ynq] (y) q

Inventory:
 Coins    ('$')
  $ - 793 gold pieces
 Weapons  (')')
  t - 13 blessed +0 darts (at the ready)
  K - 26 +2 darts
  j - 16 +0 darts
  b - a +0 dagger (alternate weapon; not wielded)
  a - a +1 dwarvish spear (weapon in right hand)
  r - a +0 axe
 Armor    ('[')
  c - an uncursed +3 small shield (being worn)
  E - an uncursed +0 robe
 Comestibles  ('%')
  f - an uncursed carrot
  d - 2 uncursed food rations
  k - an uncursed lembas wafer
  A - 3 uncursed tripe rations
  L - a cursed homemade tin of lichen
  p - an uncursed tin of sauteed lichen
  y - an uncursed partly eaten lichen corpse
 Scrolls  ('?')
  q - a cursed scroll of create monster
  h - an uncursed scroll of destroy armor
  C - 2 uncursed scrolls of enchant weapon
  F - a cursed scroll of enchant weapon
  m - an uncursed scroll of fire
  N - an uncursed scroll of identify
  w - an uncursed scroll of light
  G - 4 cursed scrolls of magic mapping
  x - an uncursed scroll of remove curse
  z - a blessed scroll of stinking cloud
 Spellbooks  ('+')
  H - a cursed spellbook of force bolt
 Potions  ('!')
  D - 2 uncursed potions of extra healing
  J - a cursed potion of gain ability
  P - an uncursed potion of gain energy
  v - 2 uncursed potions of healing
  l - an uncursed potion of levitation
  u - a cursed potion of paralysis
  I - a cursed potion of sickness
  s - 2 uncursed potions of speed
 Rings    ('=')
  n - a cursed -1 ring of gain strength
  O - a cursed ring of hunger
  B - an uncursed ring of sustain ability
 Wands    ('/')
  o - a wand of lightning (0:8)
 Tools    ('(')
  M - a cursed credit card
  e - an uncursed oil lamp

Ackbladder the Valkyrie's attributes:

Background:
 You were a Fighter, a level 6 dwarven Valkyrie.
 You were lawful, on a mission for Tyr
 who was opposed by Odin (neutral) and Loki (chaotic).
 You were right-handed.
 You were in the Dungeons of Doom, on level 6.
 You entered the dungeon 2438 turns ago.
 It was nighttime.
 You had 582 experience points, 58 more were needed to attain level 7.

Basics:
 You had 0 out of 65 hit points.
 You had all 7 energy points (spell power).
 Your armor class was 6.
 Your wallet contained 793 zorkmids.
 Autopickup was off.

Final Characteristics:
 Your strength was 18 (limit:18/100).
 Your dexterity was 12 (limit:20).
 Your constitution was 20 (limit:20).
 Your intelligence was 9 (limit:16).
 Your wisdom was 8 (limit:16).
 Your charisma was 9 (limit:16).

Final Status:
 You weren't hungry.
 You were unencumbered.
 You were wielding a spear.
 You had basic skill with spear and could have enhanced that.

Final Attributes:
 You were piously aligned.
 You were cold resistant.
 You were telepathic.
 You had infravision.
 You were stealthy.
 You are dead.

Miscellaneous:
 You encountered 1 bones level.
 Total elapsed playing time was 12 minutes and 27 seconds.

Major events:
 Turn
    1: Ackbladder the lawful dwarven Valkyrie entered the dungeon
  693: attained the rank of Skirmisher (level 3)
  769: entered the Gnomish Mines
 1885: attained the rank of Fighter (level 6)
 2438: killed by a killer bee

You didn't know any spells.

Skills:
 Fighting Skills
   bare handed combat [Unskilled]
   two weapon combat  [Unskilled]
   riding             [Unskilled]
 Weapon Skills
   dagger             [Basic]
   axe                [Unskilled]
   pick-axe           [Unskilled]
   short sword        [Unskilled]
   broadsword         [Unskilled]
   long sword         [Unskilled]
   two-handed sword   [Unskilled]
   saber              [Unskilled]
   hammer             [Unskilled]
   quarterstaff       [Unskilled]
   polearms           [Unskilled]
   spear              [Basic]
   trident            [Unskilled]
   lance              [Unskilled]
   sling              [Unskilled]
 Spellcasting Skills
   attack spells      [Unskilled]
   escape spells      [Unskilled]

Voluntary challenges:
 Character rerolling was not enabled.
 You were illiterate.
 You never genocided any monsters.
 You never polymorphed an object.
 You never changed form.
 You used no wishes.
Achievements:
 You attained the rank of Skirmisher.
 You entered the Gnomish Mines.
 You entered a shop.
 You attained the rank of Fighter.

 The Dungeons of Doom: levels 1 to 6
    Level 1:
       A fountain.
    Level 2:
       Some fountains, a sink.
       Stairs down to The Gnomish Mines.
    Level 3:
    Level 4:
       A general store, a grave.
    Level 5:
       A general store, a grave.
       Final resting place for
          BaeHund-Tou-Hum-Mal-Neu, killed by a giant bat.
    Level 6: <- You were here.
       Final resting place for
          you, killed by a killer bee.
 The Gnomish Mines:
    Level 3:


Vanquished creatures:
  a ghost
  a large mimic
  a small mimic
  a rock piercer
  a shrieker
  2 giant ants
  a floating eye
  a homunculus
  2 kobold leaders
 11 hill orcs
  2 rothes
  a giant bat
  a werejackal
 an iguana
  6 killer bees
 an acid blob
  3 giant rats
  a green mold
  4 garter snakes
  a gnome zombie
  4 geckos
  4 jackals
  3 foxes
  4 kobolds
  a goblin
  a sewer rat
  a grid bug
  a bat
  2 lichens
  6 newts
70 creatures vanquished.

No species were genocided or became extinct.

Game over:
                       ----------
                      /          \
                     /    REST    \
                    /      IN      \
                   /     PEACE      \
                  /                  \
                  |    Ackbladder    |
                  |      793 Au      |
                  |   killed by a    |
                  |    killer bee    |
                  |                  |
                  |                  |
                  |       2026       |
                 *|     *  *  *      | *
        _________)/\\_//(\/(/\)/\//\/|_)_______

Farvel Ackbladder the Valkyrie...

You died in The Dungeons of Doom on dungeon level 6 with 3292 points,
and 793 pieces of gold, after 2438 moves.
You were level 6 with a maximum of 65 hit points when you died.

